Coyotes vs Rangers

Created - 1 février 2013 at 19:24

Goals
1 2 3 T
Coyotes 1 1 0 2
Rangers 1 0 2 3
Shots
1 2 3 T
Coyotes 14 7 12 33
Rangers 12 13 10 35

1st period

1. Coyotes , Tom Poti 4 (Frans Nielsen) at 1:50
2. Rangers , Johan Franzen 12 (Brad Richards, Henrik Lundqvist) at 12:08 (PP)

Penalties :
Maxim Lapierre (Pho) for Roughing (Minor) at 11:35

2nd period

3. Coyotes , Sergei Samsonov 9 (Frans Nielsen, Jiri Fischer) at 19:59

Penalties :
Kimmo Timonen (NYR) for Hooking (Minor) at 0:23, Riley Cote (Pho) for Hooking (Minor) at 4:30

3rd period

4. Rangers , Brad Richards 23 (Johan Franzen) at 16:02
5. Rangers , Johan Franzen 13 (Patrick Sharp, Brad Richards) at 17:09

Penalties :
Tom Poti (Pho) for High sticking (Minor) at 4:43, Johan Franzen (NYR) for Hooking (Minor) at 4:56, Riley Cote (Pho) for Cross-checking (Minor) at 7:13, Drew Miller (Pho) for High sticking (Minor) at 19:30

Goalie Stats

Jean-Sébastien Giguère (Pho), 32 saves from 35 shots - (0,914), L, 15-16-2, 59:31 minutes
Henrik Lundqvist (NYR), 31 saves from 33 shots - (0,939), W, 18-9-1, 60:00 minutes

Players Stats for Coyotes

Player Name              G  A  P  +/- PIM S  H  SB GA TA FO     MP     PP MP  PK MP  
------------------------------------------------------------------------------------
Brenden Morrow           0  0  0   0  0   0  1  0  1  0  0/0    17:24   1:05   0:02 
Chad Larose              0  0  0  -2  0   4  3  0  0  0  8/23   17:26   0:00   4:19 
Christian Ehrhoff        0  0  0  -1  0   0  0  0  0  2  0/0    17:32   1:07   0:00 
Craig Adams              0  0  0  -2  0   2  1  0  0  1  0/1    16:58   0:00   4:19 
Denis Grebeshkov         0  0  0   1  0   1  3  2  0  1  0/0    15:17   0:54   0:00 
Drew Miller              0  0  0  -2  2   3  3  0  0  0  1/2    12:31   0:00   0:52 
Frans Nielsen            0  2  2   2  0   2  3  1  0  1  3/14   16:33   1:07   0:54 
Jamal Mayers             0  0  0   2  0   2  0  0  1  1  0/0    15:20   1:07   0:00 
Jay Bouwmeester          0  0  0   0  0   4  4  1  2  0  0/0    26:46   1:05   3:23 
Jiri Fischer             0  1  1   1  0   1  0  3  0  2  0/0    16:28   0:13   2:03 
Kurt Sauer               0  0  0  -1  0   1  0  2  0  0  0/0    18:28   0:00   1:50 
Marian Gaborik           0  0  0   0  0   0  2  0  1  0  1/2    18:02   1:05   0:00 
Maxim Lapierre           0  0  0   0  2   2  0  2  0  0  0/0     7:58   0:00   0:00 
Pavel Brendl             0  0  0   0  0   1  1  0  0  0  0/1     7:59   0:00   0:00 
Riley Cote               0  0  0   0  4   3  1  0  0  0  0/0     9:24   0:00   0:00 
Sergei Samsonov          1  0  1   2  0   2  1  1  0  0  0/0    15:20   1:07   0:00 
Tim Connolly             0  0  0   0  0   2  2  1  0  0  10/19  18:02   1:05   0:00 
Tom Poti                 1  0  1   0  2   3  2  1  0  1  0/0    25:28   1:05   3:10 

Players Stats for Rangers

Player Name              G  A  P  +/- PIM S  H  SB GA TA FO     MP     PP MP  PK MP  
------------------------------------------------------------------------------------
Alexandre Burrows        0  0  0   0  0   1  0  0  0  0  0/0     9:49   0:00   0:39 
Brad Richards            1  2  3   2  0   8  3  0  0  0  22/38  22:40   3:04   0:45 
Brent Seabrook           0  0  0   1  0   2  2  2  1  1  0/0    20:10   1:08   0:00 
Bryan Berard             0  0  0   0  0   0  0  1  0  0  0/0    20:35   1:08   1:22 
Cam Barker               0  0  0   1  0   2  0  1  0  1  0/0    22:37   4:05   1:35 
Drew Stafford            0  0  0  -1  0   2  1  0  0  0  0/0     8:13   0:00   0:00 
Ian Laperriere           0  0  0   0  0   0  1  0  1  0  0/1    10:16   0:00   1:21 
Jarkko Ruutu             0  0  0  -1  0   1  1  0  1  0  0/1    13:09   0:00   0:00 
Jeremy Roenick           0  0  0   0  0   2  1  0  0  0  1/1    17:47   2:09   0:08 
Johan Franzen            2  1  3   2  2   7  2  1  0  0  3/4    19:49   3:03   0:00 
Kimmo Timonen            0  0  0   0  2   1  1  0  1  1  0/0    26:37   4:05   0:13 
Kyle McLaren             0  0  0  -1  0   1  1  2  0  0  0/0    13:06   0:00   0:37 
Matt Greene              0  0  0  -1  0   0  0  0  0  0  0/0    13:30   0:00   0:37 
Milan Lucic              0  0  0  -1  0   4  1  0  2  0  1/1    16:35   2:09   0:12 
Patric Hornqvist         0  0  0  -1  0   1  0  0  1  0  0/0    11:11   0:00   0:00 
Patrice Bergeron         0  0  0  -1  0   2  2  0  1  1  8/9    19:14   2:09   1:19 
Patrick Sharp            0  1  1   2  0   1  1  0  0  1  2/3    19:31   3:04   0:00 
Valtteri Filppula        0  0  0  -1  0   0  0  0  1  0  2/4    11:11   0:00   0:00 

3 Stars

1 - Johan Franzen (NYR)
2 - Brad Richards (NYR)
3 - Frans Nielsen (Pho)

Power Play

Coyotes - 0 on 2 Attempt(s) - 0,00%
Rangers - 1 on 5 Attempt(s) - 20,00%

Penalty Kill

Coyotes - 4 on 5 Attempt(s) - 80,00% - Score 0 goal in Penalty Kill
Rangers - 2 on 2 Attempt(s) - 100,00% - Score 0 goal in Penalty Kill

Official

Referees : Pollock Kevin and Lee Chris
Linesman : Bryan Pancich and Jean Morin

Game Notes

No Game Note

Finance

Level 1 -- Attendance: 4033 (67,22%) -- Ticket Income 403 300 $
Level 2 -- Attendance: 3875 (77,50%) -- Ticket Income 232 500 $
Level 3 -- Attendance: 1546 (77,30%) -- Ticket Income 54 110 $
Level 4 -- Attendance: 4000 (100,00%) -- Ticket Income 80 000 $
Luxury Box -- Attendance: 774 (77,40%) -- Ticket Income 154 800 $
Game was played at the Madison Square Garden
Total Attendance: 14228 (79,04%)
Total Ticket Income: 924 710 $
Total Income: 924 710 $

Coyotes

5 vs 5 Forward 
   Center                   Left Wing                Right Wing               Time % Phy DF OF 
 1 Tim Connolly             Brenden Morrow           Marian Gaborik           40     1   2  2  
 2 Frans Nielsen            Sergei Samsonov          Jamal Mayers             30     1   2  2  
 3 Chad Larose              Drew Miller              Craig Adams              20     1   2  2  
 4 Maxim Lapierre           Riley Cote               Pavel Brendl             10     1   2  2  

5 vs 5 Defense 
   Defense                  Defense                                           Time % Phy DF OF 
 1 Jay Bouwmeester          Tom Poti                                          40     1   2  2  
 2 Christian Ehrhoff        Kurt Sauer                                        30     1   2  2  
 3 Denis Grebeshkov         Jiri Fischer                                      20     1   2  2  
 4 Jay Bouwmeester          Tom Poti                                          10     1   2  2  

PowerPlay Forward 
   Center                   Left Wing                Right Wing               Time % Phy DF OF 
 1 Tim Connolly             Brenden Morrow           Marian Gaborik           60     1   2  2  
 2 Frans Nielsen            Sergei Samsonov          Jamal Mayers             40     1   2  2  

PowerPlay Defense
   Defense                  Defense                                           Time % Phy DF OF 
 1 Jay Bouwmeester          Tom Poti                                          60     1   2  2  
 2 Christian Ehrhoff        Denis Grebeshkov                                  40     1   2  2  

Penalty Kill 4 Players Forward 
   Center                   Wing                     Time % Phy DF OF 
 1 Chad Larose              Craig Adams              60     1   2  2  
 2 Frans Nielsen            Drew Miller              40     1   2  2  

Penalty Kill 4 Players Defense
   Defense                  Defense                  Time % Phy DF OF 
 1 Jay Bouwmeester          Tom Poti                 60     1   2  2  
 2 Jiri Fischer             Kurt Sauer               40     1   2  2  

Penalty Kill - 3 Players Forward 
   Forward                                           Time % Phy DF OF 
 1 Drew Miller                                       60     1   2  2  
 2 Chad Larose                                       40     1   2  2  

Penalty Kill - 3 Players Defense
   Defense                  Defense                  Time % Phy DF OF 
 1 Jay Bouwmeester          Tom Poti                 60     1   2  2  
 2 Jiri Fischer             Kurt Sauer               40     1   2  2  

4 vs 4 Forward 
   Center                   Wing                     Time % Phy DF OF 
 1 Tim Connolly             Marian Gaborik           60     1   2  2  
 2 Frans Nielsen            Brenden Morrow           40     1   2  2  

4 vs 4 Defense
   Defense                  Defense                  Time % Phy DF OF 
 1 Jay Bouwmeester          Tom Poti                 60     1   2  2  
 2 Christian Ehrhoff        Kurt Sauer               40     1   2  2  

Last Minutes Offensive
   Center                   Left Wing                Right Wing               Defense                  Defense                  
   Tim Connolly             Brenden Morrow           Marian Gaborik           Jay Bouwmeester          Tom Poti                 

Last Minutes Defensive
   Center                   Left Wing                Right Wing               Defense                  Defense                  
   Tim Connolly             Brenden Morrow           Marian Gaborik           Jay Bouwmeester          Tom Poti                 

Goaltenders
Starting : Jean-Sébastien Giguère   
Backup : Peter Budaj              

Extra Forwards
Normal : Chad Larose, Drew Miller, Craig Adams - PP : Chad Larose, Drew Miller - PK : Craig Adams
Extra Defensemen
Normal : Denis Grebeshkov, Jiri Fischer, Christian Ehrhoff - PP : Denis Grebeshkov - PK : Jiri Fischer, Christian Ehrhoff
Penalty Shots
Marian Gaborik, Brenden Morrow, Tim Connolly, Frans Nielsen, Sergei Samsonov

Rangers

5 vs 5 Forward 
   Center                   Left Wing                Right Wing               Time % Phy DF OF 
 1 Brad Richards            Patrick Sharp            Johan Franzen            40     2   1  2  
 2 Patrice Bergeron         Milan Lucic              Jeremy Roenick           35     1   1  3  
 3 Valtteri Filppula        Jarkko Ruutu             Patric Hornqvist         20     1   2  2  
 4 Ian Laperriere           Alexandre Burrows        Drew Stafford            5      1   3  1  

5 vs 5 Defense 
   Defense                  Defense                                           Time % Phy DF OF 
 1 Kimmo Timonen            Brent Seabrook                                    40     1   1  3  
 2 Bryan Berard             Cam Barker                                        30     1   2  2  
 3 Kyle McLaren             Matt Greene                                       20     2   2  1  
 4 Kimmo Timonen            Bryan Berard                                      10     1   2  2  

PowerPlay Forward 
   Center                   Left Wing                Right Wing               Time % Phy DF OF 
 1 Brad Richards            Patrick Sharp            Johan Franzen            60     1   1  3  
 2 Patrice Bergeron         Milan Lucic              Jeremy Roenick           40     1   1  3  

PowerPlay Defense
   Defense                  Defense                                           Time % Phy DF OF 
 1 Kimmo Timonen            Cam Barker                                        60     1   1  3  
 2 Bryan Berard             Brent Seabrook                                    40     1   1  3  

Penalty Kill 4 Players Forward 
   Center                   Wing                     Time % Phy DF OF 
 1 Patrice Bergeron         Ian Laperriere           60     1   3  1  
 2 Brad Richards            Milan Lucic              40     1   3  1  

Penalty Kill 4 Players Defense
   Defense                  Defense                  Time % Phy DF OF 
 1 Cam Barker               Bryan Berard             60     2   3  0  
 2 Matt Greene              Kyle McLaren             40     2   3  0  

Penalty Kill - 3 Players Forward 
   Forward                                           Time % Phy DF OF 
 1 Brad Richards                                     60     1   4  0  
 2 Ian Laperriere                                    40     1   4  0  

Penalty Kill - 3 Players Defense
   Defense                  Defense                  Time % Phy DF OF 
 1 Cam Barker               Bryan Berard             60     2   3  0  
 2 Matt Greene              Kyle McLaren             40     2   3  0  

4 vs 4 Forward 
   Center                   Wing                     Time % Phy DF OF 
 1 Brad Richards            Johan Franzen            60     1   2  2  
 2 Jeremy Roenick           Milan Lucic              40     1   2  2  

4 vs 4 Defense
   Defense                  Defense                  Time % Phy DF OF 
 1 Kimmo Timonen            Cam Barker               60     1   2  2  
 2 Bryan Berard             Brent Seabrook           40     1   2  2  

Last Minutes Offensive
   Center                   Left Wing                Right Wing               Defense                  Defense                  
   Brad Richards            Milan Lucic              Johan Franzen            Kimmo Timonen            Bryan Berard             

Last Minutes Defensive
   Center                   Left Wing                Right Wing               Defense                  Defense                  
   Jeremy Roenick           Patrice Bergeron         Ian Laperriere           Cam Barker               Matt Greene              

Goaltenders
Starting : Henrik Lundqvist         
Backup : Hannu Toivonen           

Extra Forwards
Normal : Brad Richards, Patrice Bergeron, Johan Franzen - PP : Milan Lucic, Jeremy Roenick - PK : Brad Richards
Extra Defensemen
Normal : Bryan Berard, Cam Barker, Kimmo Timonen - PP : Bryan Berard - PK : Cam Barker, Bryan Berard
Penalty Shots
Milan Lucic, Brad Richards, Johan Franzen, Patrice Bergeron, Patrick Sharp

% Time on Ice - Coyotes

Lines # - Real PCT - Wanted PCT - Time Play
Normal Forward
1 - 35% - 40% - 17:48
2 - 28% - 30% - 14:13
3 - 21% - 20% - 10:25
4 - 16% - 10% - 7:59
Normal Defense
1 - 36% - 40% - 18:17
2 - 33% - 30% - 16:31
3 - 25% - 20% - 12:34
4 - 6% - 10% - 3:03
PP Forward
1 - 49% - 60% - 1:05
2 - 51% - 40% - 1:07
PP Defense
1 - 59% - 60% - 1:18
2 - 41% - 40% - 0:54
PK Forward
1 - 83% - 60% - 4:19
2 - 17% - 40% - 0:54
PK Defense
1 - 65% - 60% - 3:23
2 - 35% - 40% - 1:50
PK3 Forward
1 - 0% - 60%
2 - 0% - 40%
PK3 Defense
1 - 0% - 60%
2 - 0% - 40%
44 Forward
1 - 82% - 60% - 1:27
2 - 18% - 40% - 0:19
44 Defense
1 - 74% - 60% - 1:18
2 - 26% - 40% - 0:28
Last Minute Offensive  - 0:24
Last Minute Defensive  - 0:00
Total
Forward - 60:00
Defense - 60:00

% Time on Ice - Rangers

Lines # - Real PCT - Wanted PCT - Time Play
Normal Forward
1 - 33% - 40% - 16:36
2 - 28% - 35% - 14:14
3 - 22% - 20% - 11:11
4 - 16% - 5% - 8:06
Normal Defense
1 - 38% - 40% - 18:54
2 - 29% - 30% - 14:36
3 - 28% - 20% - 14:00
4 - 5% - 10% - 2:37
PP Forward
1 - 59% - 60% - 3:04
2 - 41% - 40% - 2:09
PP Defense
1 - 78% - 60% - 4:05
2 - 22% - 40% - 1:08
PK Forward
1 - 91% - 60% - 2:00
2 - 9% - 40% - 0:12
PK Defense
1 - 72% - 60% - 1:35
2 - 28% - 40% - 0:37
PK3 Forward
1 - 0% - 60%
2 - 0% - 40%
PK3 Defense
1 - 0% - 60%
2 - 0% - 40%
44 Forward
1 - 100% - 60% - 1:46
2 - 0% - 40% - 0:00
44 Defense
1 - 58% - 60% - 1:02
2 - 42% - 40% - 0:44
Last Minute Offensive  - 0:00
Last Minute Defensive  - 0:42
Total
Forward - 60:00
Defense - 60:00

Play by Play

1st period


0:01 of 1st period - Tim Connolly wins face-off versus Brad Richards in neutral zone.
0:04 of 1st period - Slapshot by Jay Bouwmeester.
0:04 of 1st period - Stopped by Henrik Lundqvist with a rebound.
0:16 of 1st period - Wrist shot by Brad Richards.
0:16 of 1st period - Stopped by Jean-Sébastien Giguère with a rebound.
0:37 of 1st period - Off-side.
0:38 of 1st period - Patrice Bergeron wins face-off versus Frans Nielsen in neutral zone.
1:03 of 1st period - Cam Barker is hit by Drew Miller and loses puck.
1:08 of 1st period - Snap shot by Drew Miller.
1:08 of 1st period - Deflect By Chad Larose.
1:08 of 1st period - Stopped by Henrik Lundqvist without a rebound.
1:09 of 1st period - Chad Larose wins face-off versus Brad Richards in Rangers zone.
1:40 of 1st period - Slapshot by Patrice Bergeron.
1:40 of 1st period - Shot Blocked by Jiri Fischer.
1:42 of 1st period - Wrist shot by Milan Lucic.
1:42 of 1st period - Shot Blocked by Maxim Lapierre.
1:44 of 1st period - Wrist shot by Patrice Bergeron.
1:44 of 1st period - Stopped by Jean-Sébastien Giguère without a rebound.
1:45 of 1st period - Frans Nielsen wins face-off versus Jarkko Ruutu in Coyotes zone.
1:50 of 1st period - Slapshot by Tom Poti.
1:50 of 1st period - Goal by Tom Poti - Coyotes : 1 - Rangers : 0.
1:51 of 1st period - Tim Connolly wins face-off versus Valtteri Filppula in neutral zone.
2:45 of 1st period - Slapshot by Riley Cote.
2:45 of 1st period - Shot Blocked by Bryan Berard.
2:47 of 1st period - Snap shot by Riley Cote.
2:47 of 1st period - Stopped by Henrik Lundqvist with a rebound.
3:16 of 1st period - Valtteri Filppula is hit by Jay Bouwmeester and loses puck.
4:46 of 1st period - Snap shot by Johan Franzen.
4:46 of 1st period - Stopped by Jean-Sébastien Giguère without a rebound.
4:47 of 1st period - Frans Nielsen wins face-off versus Brad Richards in Coyotes zone.
5:51 of 1st period - Christian Ehrhoff is hit by Ian Laperriere and loses puck.
5:58 of 1st period - Slapshot by Drew Stafford.
5:58 of 1st period - Shot Hit the Post.
6:21 of 1st period - Kurt Sauer is hit by Kimmo Timonen.
7:05 of 1st period - Matt Greene is hit by Drew Miller and loses puck.
7:18 of 1st period - Jay Bouwmeester is hit by Johan Franzen and loses puck.
7:41 of 1st period - Cam Barker is hit by Brenden Morrow and loses puck.
8:00 of 1st period - Snap shot by Patric Hornqvist.
8:00 of 1st period - Shot Blocked by Tim Connolly.
8:40 of 1st period - Icing by Kimmo Timonen.
8:41 of 1st period - Drew Miller wins face-off versus Brad Richards in Rangers zone.
9:50 of 1st period - Wrist shot by Drew Stafford.
9:50 of 1st period - Shot Misses the Net.
9:56 of 1st period - Snap shot by Alexandre Burrows.
9:56 of 1st period - Deflect By Drew Stafford.
9:56 of 1st period - Stopped by Jean-Sébastien Giguère without a rebound.
9:57 of 1st period - Tim Connolly wins face-off versus Brad Richards in Coyotes zone.
10:10 of 1st period - Snap shot by Brad Richards.
10:10 of 1st period - Stopped by Jean-Sébastien Giguère with a rebound.
10:31 of 1st period - Slapshot by Patrice Bergeron.
10:31 of 1st period - Stopped by Jean-Sébastien Giguère without a rebound.
10:32 of 1st period - Frans Nielsen wins face-off versus Brad Richards in Coyotes zone.
10:32 of 1st period - Frans Nielsen is hit by Brad Richards.
10:58 of 1st period - Jeremy Roenick is hit by Marian Gaborik.
11:02 of 1st period - Tim Connolly is hit by Patrice Bergeron and loses puck.
11:23 of 1st period - Drew Miller is hit by Jarkko Ruutu.
11:35 of 1st period - Minor Penalty to Maxim Lapierre for Roughing.
11:36 of 1st period - Brad Richards wins face-off versus Chad Larose in Coyotes zone.
11:37 of 1st period - Slapshot by Johan Franzen.
11:37 of 1st period - Stopped by Jean-Sébastien Giguère with a rebound.
11:39 of 1st period - Slapshot by Kimmo Timonen.
11:39 of 1st period - Stopped by Jean-Sébastien Giguère with a rebound.
11:41 of 1st period - Wrist shot by Johan Franzen.
11:41 of 1st period - Deflect By Patrick Sharp.
11:41 of 1st period - Shot Misses the Net.
11:41 of 1st period - Puck is out of play.
11:42 of 1st period - Chad Larose wins face-off versus Brad Richards in Coyotes zone.
12:08 of 1st period - Snap shot by Johan Franzen.
12:08 of 1st period - Goal by Johan Franzen - Coyotes : 1 - Rangers : 1.
12:09 of 1st period - Brad Richards wins face-off versus Tim Connolly in neutral zone.
12:14 of 1st period - Backhand shot by Johan Franzen.
12:14 of 1st period - Stopped by Jean-Sébastien Giguère without a rebound.
12:15 of 1st period - Brad Richards wins face-off versus Tim Connolly in Coyotes zone.
12:27 of 1st period - Wrist shot by Tim Connolly.
12:27 of 1st period - Stopped by Henrik Lundqvist with a rebound.
12:29 of 1st period - Slapshot by Jay Bouwmeester.
12:29 of 1st period - Stopped by Henrik Lundqvist with a rebound.
12:31 of 1st period - Snap shot by Tim Connolly.
12:31 of 1st period - Shot Blocked by Johan Franzen.
13:05 of 1st period - Snap shot by Patric Hornqvist.
13:05 of 1st period - Stopped by Jean-Sébastien Giguère without a rebound.
13:06 of 1st period - Brad Richards wins face-off versus Chad Larose in Coyotes zone.
13:21 of 1st period - Wrist shot by Drew Miller.
13:21 of 1st period - Shot Blocked by Kyle McLaren.
13:35 of 1st period - Snap shot by Chad Larose.
13:35 of 1st period - Shot Misses the Net.
13:37 of 1st period - Slapshot by Denis Grebeshkov.
13:37 of 1st period - Shot Misses the Net.
13:39 of 1st period - Wrist shot by Chad Larose.
13:39 of 1st period - Stopped by Henrik Lundqvist with a rebound.
13:41 of 1st period - Snap shot by Chad Larose.
13:41 of 1st period - Stopped by Henrik Lundqvist with a rebound.
13:43 of 1st period - Wrist shot by Craig Adams.
13:43 of 1st period - Stopped by Henrik Lundqvist with a rebound.
13:45 of 1st period - Slapshot by Drew Miller.
13:45 of 1st period - Shot Blocked by Kyle McLaren.
13:47 of 1st period - Wrist shot by Drew Miller.
13:47 of 1st period - Stopped by Henrik Lundqvist without a rebound.
13:48 of 1st period - Tim Connolly wins face-off versus Patrice Bergeron in Rangers zone.
13:51 of 1st period - Snap shot by Tim Connolly.
13:51 of 1st period - Shot Misses the Net.
14:16 of 1st period - Kimmo Timonen is hit by Jay Bouwmeester.
14:42 of 1st period - Wrist shot by Milan Lucic.
14:42 of 1st period - Stopped by Jean-Sébastien Giguère without a rebound.
14:43 of 1st period - Brad Richards wins face-off versus Frans Nielsen in Coyotes zone.
15:23 of 1st period - Wrist shot by Sergei Samsonov.
15:23 of 1st period - Stopped by Henrik Lundqvist with a rebound.
15:57 of 1st period - Ian Laperriere is hit by Frans Nielsen and loses puck.
16:04 of 1st period - Snap shot by Frans Nielsen.
16:04 of 1st period - Stopped by Henrik Lundqvist without a rebound.
16:05 of 1st period - Marian Gaborik wins face-off versus Brad Richards in Rangers zone.
16:20 of 1st period - Wrist shot by Tim Connolly.
16:20 of 1st period - Stopped by Henrik Lundqvist with a rebound.
17:03 of 1st period - Snap shot by Pavel Brendl.
17:03 of 1st period - Stopped by Henrik Lundqvist without a rebound.
17:04 of 1st period - Brad Richards wins face-off versus Tim Connolly in Rangers zone.
17:44 of 1st period - Matt Greene is hit by Craig Adams and loses puck.
18:15 of 1st period - Brent Seabrook is hit by Marian Gaborik and loses puck.
18:36 of 1st period - Icing by Sergei Samsonov.
18:37 of 1st period - Brad Richards wins face-off versus Frans Nielsen in Coyotes zone.
18:53 of 1st period - Off-side.
18:54 of 1st period - Milan Lucic wins face-off versus Tim Connolly in neutral zone.

2nd period


0:01 of 2nd period - Tim Connolly wins face-off versus Johan Franzen in neutral zone.
0:23 of 2nd period - Minor Penalty to Kimmo Timonen for Hooking.
0:24 of 2nd period - Patrice Bergeron wins face-off versus Tim Connolly in Rangers zone.
0:57 of 2nd period - Slapshot by Jamal Mayers.
0:57 of 2nd period - Stopped by Henrik Lundqvist with a rebound.
0:59 of 2nd period - Slapshot by Denis Grebeshkov.
0:59 of 2nd period - Stopped by Henrik Lundqvist without a rebound.
1:00 of 2nd period - Patrice Bergeron wins face-off versus Frans Nielsen in Rangers zone.
1:00 of 2nd period - Patrice Bergeron is hit by Frans Nielsen.
2:23 of 2nd period - Penalty to Kimmo Timonen is over, Kimmo Timonen is back on ice.
2:35 of 2nd period - Valtteri Filppula is hit by Denis Grebeshkov and loses puck.
2:50 of 2nd period - Jay Bouwmeester is hit by Johan Franzen and loses puck.
2:57 of 2nd period - Kimmo Timonen is hit by Riley Cote and loses puck.
3:12 of 2nd period - Snap shot by Milan Lucic.
3:12 of 2nd period - Stopped by Jean-Sébastien Giguère without a rebound.
3:13 of 2nd period - Patrice Bergeron wins face-off versus Frans Nielsen in Coyotes zone.
3:14 of 2nd period - Slapshot by Milan Lucic.
3:14 of 2nd period - Stopped by Jean-Sébastien Giguère with a rebound.
3:16 of 2nd period - Slapshot by Kyle McLaren.
3:16 of 2nd period - Stopped by Jean-Sébastien Giguère without a rebound.
3:17 of 2nd period - Patrice Bergeron wins face-off versus Tim Connolly in Coyotes zone.
3:39 of 2nd period - Milan Lucic is hit by Tim Connolly and loses puck.
4:00 of 2nd period - Snap shot by Brad Richards.
4:00 of 2nd period - Shot Misses the Net.
4:30 of 2nd period - Minor Penalty to Riley Cote for Hooking.
4:31 of 2nd period - Brad Richards wins face-off versus Chad Larose in Coyotes zone.
4:38 of 2nd period - Slapshot by Johan Franzen.
4:38 of 2nd period - Shot Misses the Net.
4:40 of 2nd period - Backhand shot by Cam Barker.
4:40 of 2nd period - Shot Hit the Post.
4:42 of 2nd period - Slapshot by Cam Barker.
4:42 of 2nd period - Stopped by Jean-Sébastien Giguère without a rebound.
4:43 of 2nd period - Brad Richards wins face-off versus Chad Larose in Coyotes zone.
4:48 of 2nd period - Slapshot by Brad Richards.
4:48 of 2nd period - Stopped by Jean-Sébastien Giguère with a rebound.
4:50 of 2nd period - Snap shot by Cam Barker.
4:50 of 2nd period - Shot Misses the Net.
5:16 of 2nd period - Wrist shot by Jeremy Roenick.
5:16 of 2nd period - Stopped by Jean-Sébastien Giguère without a rebound.
5:17 of 2nd period - Brad Richards wins face-off versus Chad Larose in Coyotes zone.
5:22 of 2nd period - Wrist shot by Johan Franzen.
5:22 of 2nd period - Stopped by Jean-Sébastien Giguère with a rebound.
5:24 of 2nd period - Slapshot by Brent Seabrook.
5:24 of 2nd period - Deflect By Johan Franzen.
5:24 of 2nd period - Shot Misses the Net.
5:24 of 2nd period - Puck is out of play.
5:25 of 2nd period - Chad Larose wins face-off versus Brad Richards in Coyotes zone.
5:38 of 2nd period - Slapshot by Patrice Bergeron.
5:38 of 2nd period - Shot Misses the Net.
5:40 of 2nd period - Snap shot by Brent Seabrook.
5:40 of 2nd period - Stopped by Jean-Sébastien Giguère without a rebound.
5:41 of 2nd period - Patrice Bergeron wins face-off versus Chad Larose in Coyotes zone.
6:30 of 2nd period - Penalty to Riley Cote is over, Riley Cote is back on ice.
7:59 of 2nd period - Wrist shot by Riley Cote.
7:59 of 2nd period - Stopped by Henrik Lundqvist without a rebound.
8:00 of 2nd period - Tim Connolly wins face-off versus Brad Richards in Rangers zone.
8:09 of 2nd period - Slapshot by Brenden Morrow.
8:09 of 2nd period - Shot Misses the Net.
8:13 of 2nd period - Wrist shot by Tim Connolly.
8:13 of 2nd period - Shot Misses the Net.
8:15 of 2nd period - Slapshot by Tom Poti.
8:15 of 2nd period - Stopped by Henrik Lundqvist with a rebound.
9:27 of 2nd period - Patric Hornqvist is hit by Denis Grebeshkov and loses puck.
9:46 of 2nd period - Maxim Lapierre is hit by Brad Richards and loses puck.
9:57 of 2nd period - Jay Bouwmeester is hit by Brent Seabrook and loses puck.
10:14 of 2nd period - Jay Bouwmeester is hit by Brad Richards and loses puck.
10:58 of 2nd period - Icing by Ian Laperriere.
10:59 of 2nd period - Tim Connolly wins face-off versus Ian Laperriere in Rangers zone.
11:23 of 2nd period - Kimmo Timonen is hit by Pavel Brendl and loses puck.
11:48 of 2nd period - Icing by Patrick Sharp.
11:49 of 2nd period - Chad Larose wins face-off versus Brad Richards in Rangers zone.
13:15 of 2nd period - Riley Cote is hit by Brent Seabrook and loses puck.
14:37 of 2nd period - Wrist shot by Maxim Lapierre.
14:37 of 2nd period - Stopped by Henrik Lundqvist with a rebound.
14:39 of 2nd period - Snap shot by Riley Cote.
14:39 of 2nd period - Stopped by Henrik Lundqvist with a rebound.
15:22 of 2nd period - Brent Seabrook is hit by Jay Bouwmeester and loses puck.
15:37 of 2nd period - Kimmo Timonen is hit by Chad Larose.
15:45 of 2nd period - Slapshot by Drew Stafford.
15:45 of 2nd period - Stopped by Jean-Sébastien Giguère with a rebound.
15:47 of 2nd period - Slapshot by Brent Seabrook.
15:47 of 2nd period - Deflect By Christian Ehrhoff.
15:47 of 2nd period - Stopped by Jean-Sébastien Giguère without a rebound.
15:48 of 2nd period - Brad Richards wins face-off versus Frans Nielsen in Coyotes zone.
16:01 of 2nd period - Wrist shot by Brad Richards.
16:01 of 2nd period - Shot Blocked by Frans Nielsen.
16:03 of 2nd period - Snap shot by Brad Richards.
16:03 of 2nd period - Shot Blocked by Jiri Fischer.
16:15 of 2nd period - Marian Gaborik is hit by Patrice Bergeron and loses puck.
16:48 of 2nd period - Snap shot by Cam Barker.
16:48 of 2nd period - Stopped by Jean-Sébastien Giguère with a rebound.
17:34 of 2nd period - Wrist shot by Patric Hornqvist.
17:34 of 2nd period - Shot Misses the Net.
17:39 of 2nd period - Icing by Sergei Samsonov.
17:40 of 2nd period - Brad Richards wins face-off versus Frans Nielsen in Coyotes zone.
17:43 of 2nd period - Snap shot by Brad Richards.
17:43 of 2nd period - Stopped by Jean-Sébastien Giguère with a rebound.
17:55 of 2nd period - Johan Franzen is hit by Sergei Samsonov and loses puck.
19:20 of 2nd period - Snap shot by Milan Lucic.
19:20 of 2nd period - Stopped by Jean-Sébastien Giguère with a rebound.
19:59 of 2nd period - Snap shot by Sergei Samsonov.
19:59 of 2nd period - Goal by Sergei Samsonov - Coyotes : 2 - Rangers : 1.

3rd period


0:01 of 3rd period - Patrick Sharp wins face-off versus Marian Gaborik in neutral zone.
0:01 of 3rd period - Kimmo Timonen is hit by Tom Poti.
0:25 of 3rd period - Bryan Berard is hit by Tom Poti.
1:34 of 3rd period - Christian Ehrhoff is hit by Kyle McLaren and loses puck.
2:08 of 3rd period - Snap shot by Drew Miller.
2:08 of 3rd period - Stopped by Henrik Lundqvist with a rebound.
2:10 of 3rd period - Snap shot by Chad Larose.
2:10 of 3rd period - Shot Blocked by Brent Seabrook.
2:12 of 3rd period - Slapshot by Kurt Sauer.
2:12 of 3rd period - Stopped by Henrik Lundqvist without a rebound.
2:13 of 3rd period - Tim Connolly wins face-off versus Brad Richards in Rangers zone.
2:51 of 3rd period - Off-side.
2:52 of 3rd period - Valtteri Filppula wins face-off versus Frans Nielsen in neutral zone.
2:59 of 3rd period - Wrist shot by Jarkko Ruutu.
2:59 of 3rd period - Stopped by Jean-Sébastien Giguère without a rebound.
3:00 of 3rd period - Valtteri Filppula wins face-off versus Frans Nielsen in Coyotes zone.
3:15 of 3rd period - Jarkko Ruutu is hit by Jay Bouwmeester and loses puck.
3:28 of 3rd period - Wrist shot by Jarkko Ruutu.
3:28 of 3rd period - Deflect By Patric Hornqvist.
3:28 of 3rd period - Shot Blocked by Sergei Samsonov.
3:28 of 3rd period - Puck is out of play.
3:29 of 3rd period - Tim Connolly wins face-off versus Brad Richards in Coyotes zone.
3:36 of 3rd period - Snap shot by Marian Gaborik.
3:36 of 3rd period - Shot Blocked by Brent Seabrook.
3:54 of 3rd period - Denis Grebeshkov is hit by Jeremy Roenick and loses puck.
4:00 of 3rd period - Icing by Drew Miller.
4:01 of 3rd period - Chad Larose wins face-off versus Brad Richards in Coyotes zone.
4:01 of 3rd period - Chad Larose is hit by Patrick Sharp.
4:11 of 3rd period - Patrick Sharp is hit by Chad Larose and loses puck.
4:38 of 3rd period - Wrist shot by Drew Miller.
4:38 of 3rd period - Stopped by Henrik Lundqvist with a rebound.
4:40 of 3rd period - Snap shot by Chad Larose.
4:40 of 3rd period - Shot Blocked by Cam Barker.
4:42 of 3rd period - Slapshot by Jiri Fischer.
4:42 of 3rd period - Stopped by Henrik Lundqvist without a rebound.
4:43 of 3rd period - Patrice Bergeron wins face-off versus Tim Connolly in Rangers zone.
4:43 of 3rd period - Minor Penalty to Tom Poti for High sticking.
4:44 of 3rd period - Brad Richards wins face-off versus Chad Larose in Coyotes zone.
4:47 of 3rd period - Snap shot by Brad Richards.
4:47 of 3rd period - Deflect By Johan Franzen.
4:47 of 3rd period - Stopped by Jean-Sébastien Giguère without a rebound.
4:48 of 3rd period - Johan Franzen wins face-off versus Chad Larose in Coyotes zone.
4:56 of 3rd period - Minor Penalty to Johan Franzen for Hooking.
4:57 of 3rd period - Brad Richards wins face-off versus Tim Connolly in Rangers zone.
6:17 of 3rd period - Jarkko Ruutu is hit by Chad Larose and loses puck.
6:43 of 3rd period - Penalty to Tom Poti is over, Tom Poti is back on ice.
6:56 of 3rd period - Penalty to Johan Franzen is over, Johan Franzen is back on ice.
7:13 of 3rd period - Minor Penalty to Riley Cote for Cross-checking.
7:14 of 3rd period - Brad Richards wins face-off versus Chad Larose in Coyotes zone.
7:21 of 3rd period - Slapshot by Brad Richards.
7:21 of 3rd period - Stopped by Jean-Sébastien Giguère without a rebound.
7:22 of 3rd period - Chad Larose wins face-off versus Brad Richards in Coyotes zone.
7:35 of 3rd period - Wrist shot by Brent Seabrook.
7:35 of 3rd period - Deflect By Johan Franzen.
7:35 of 3rd period - Shot Blocked by Tom Poti.
7:35 of 3rd period - Puck is out of play.
7:36 of 3rd period - Johan Franzen wins face-off versus Chad Larose in Coyotes zone.
8:09 of 3rd period - Slapshot by Brent Seabrook.
8:09 of 3rd period - Shot Blocked by Jay Bouwmeester.
8:11 of 3rd period - Snap shot by Jeremy Roenick.
8:11 of 3rd period - Stopped by Jean-Sébastien Giguère without a rebound.
8:12 of 3rd period - Brad Richards wins face-off versus Frans Nielsen in Coyotes zone.
8:19 of 3rd period - Snap shot by Brad Richards.
8:19 of 3rd period - Stopped by Jean-Sébastien Giguère without a rebound.
8:20 of 3rd period - Brad Richards wins face-off versus Chad Larose in Coyotes zone.
8:59 of 3rd period - Drew Miller is hit by Milan Lucic and loses puck.
9:13 of 3rd period - Penalty to Riley Cote is over, Riley Cote is back on ice.
9:57 of 3rd period - Snap shot by Brad Richards.
9:57 of 3rd period - Stopped by Jean-Sébastien Giguère with a rebound.
12:11 of 3rd period - Frans Nielsen is hit by Drew Stafford and loses puck.
12:16 of 3rd period - Slapshot by Alexandre Burrows.
12:16 of 3rd period - Stopped by Jean-Sébastien Giguère without a rebound.
12:17 of 3rd period - Patrick Sharp wins face-off versus Frans Nielsen in Coyotes zone.
12:28 of 3rd period - Wrist shot by Johan Franzen.
12:28 of 3rd period - Shot Misses the Net.
12:30 of 3rd period - Backhand shot by Matt Greene.
12:30 of 3rd period - Shot Blocked by Kurt Sauer.
12:42 of 3rd period - Matt Greene is hit by Tim Connolly and loses puck.
13:09 of 3rd period - Wrist shot by Drew Miller.
13:09 of 3rd period - Deflect By Chad Larose.
13:09 of 3rd period - Shot Misses the Net.
13:09 of 3rd period - Puck is out of play.
13:10 of 3rd period - Brad Richards wins face-off versus Tim Connolly in Rangers zone.
14:16 of 3rd period - Snap shot by Frans Nielsen.
14:16 of 3rd period - Stopped by Henrik Lundqvist with a rebound.
14:18 of 3rd period - Slapshot by Frans Nielsen.
14:18 of 3rd period - Shot Misses the Net.
14:20 of 3rd period - Snap shot by Jamal Mayers.
14:20 of 3rd period - Stopped by Henrik Lundqvist without a rebound.
14:21 of 3rd period - Tim Connolly wins face-off versus Brad Richards in Rangers zone.
15:02 of 3rd period - Icing by Matt Greene.
15:03 of 3rd period - Patrice Bergeron wins face-off versus Pavel Brendl in Rangers zone.
15:03 of 3rd period - Patrice Bergeron is hit by Denis Grebeshkov.
15:17 of 3rd period - Slapshot by Maxim Lapierre.
15:17 of 3rd period - Stopped by Henrik Lundqvist with a rebound.
15:38 of 3rd period - Wrist shot by Patrice Bergeron.
15:38 of 3rd period - Shot Blocked by Denis Grebeshkov.
15:40 of 3rd period - Slapshot by Brent Seabrook.
15:40 of 3rd period - Shot Blocked by Denis Grebeshkov.
15:42 of 3rd period - Slapshot by Kimmo Timonen.
15:42 of 3rd period - Shot Blocked by Jiri Fischer.
15:54 of 3rd period - Wrist shot by Brad Richards.
15:54 of 3rd period - Shot Blocked by Maxim Lapierre.
15:56 of 3rd period - Snap shot by Brad Richards.
15:56 of 3rd period - Deflect By Maxim Lapierre.
15:56 of 3rd period - Shot Misses the Net.
15:56 of 3rd period - Puck is out of play.
15:57 of 3rd period - Brad Richards wins face-off versus Chad Larose in Coyotes zone.
15:58 of 3rd period - Slapshot by Patrick Sharp.
15:58 of 3rd period - Stopped by Jean-Sébastien Giguère without a rebound.
15:59 of 3rd period - Brad Richards wins face-off versus Chad Larose in Coyotes zone.
16:00 of 3rd period - Backhand shot by Johan Franzen.
16:00 of 3rd period - Shot Misses the Net.
16:02 of 3rd period - Backhand shot by Brad Richards.
16:02 of 3rd period - Goal by Brad Richards - Coyotes : 2 - Rangers : 2.
16:03 of 3rd period - Chad Larose wins face-off versus Valtteri Filppula in neutral zone.
16:18 of 3rd period - Slapshot by Chad Larose.
16:18 of 3rd period - Shot Misses the Net.
16:51 of 3rd period - Bryan Berard is hit by Frans Nielsen and loses puck.
16:57 of 3rd period - Off-side.
16:58 of 3rd period - Brad Richards wins face-off versus Chad Larose in neutral zone.
17:07 of 3rd period - Wrist shot by Patrick Sharp.
17:07 of 3rd period - Shot Blocked by Kurt Sauer.
17:09 of 3rd period - Slapshot by Johan Franzen.
17:09 of 3rd period - Goal by Johan Franzen - Coyotes : 2 - Rangers : 3.
17:10 of 3rd period - Chad Larose wins face-off versus Patrick Sharp in neutral zone.
17:15 of 3rd period - Wrist shot by Chad Larose.
17:15 of 3rd period - Stopped by Henrik Lundqvist without a rebound.
17:16 of 3rd period - Brad Richards wins face-off versus Chad Larose in Rangers zone.
17:26 of 3rd period - Slapshot by Tom Poti.
17:26 of 3rd period - Deflect By Craig Adams.
17:26 of 3rd period - Stopped by Henrik Lundqvist with a rebound.
19:02 of 3rd period - Coyotes, Jean-Sébastien Giguère is pulled from the net.
19:02 of 3rd period - Slapshot by Jay Bouwmeester.
19:02 of 3rd period - Stopped by Henrik Lundqvist with a rebound.
19:04 of 3rd period - Slapshot by Jay Bouwmeester.
19:04 of 3rd period - Deflect By Jeremy Roenick.
19:04 of 3rd period - Stopped by Henrik Lundqvist with a rebound.
19:06 of 3rd period - Slapshot by Tom Poti.
19:06 of 3rd period - Stopped by Henrik Lundqvist without a rebound.
19:07 of 3rd period - Claude Julien call a timeout for Coyotes.
19:07 of 3rd period - Jeremy Roenick wins face-off versus Drew Miller in Rangers zone.
19:07 of 3rd period - Jeremy Roenick is hit by Drew Miller.
19:30 of 3rd period - Minor Penalty to Drew Miller for High sticking.
19:31 of 3rd period - Jean-Sébastien Giguère from Coyotes was sent back in the game.
19:31 of 3rd period - Johan Franzen wins face-off versus Craig Adams in Coyotes zone.


Output by the SimonT Hockey Simulator (STHS) for François Prévost -- Original Page W3C XHTML 1.0 Valid
Hockey Simulator - Hockey Simulation - Hockey Manager